 Dungeon Crawl Stone Soup version 0.27.1-1-g398f81649c (webtiles) character file.

Game seed: 733354172180737129

16 eagelman13509 the Slasher (level 2, -2/20 HPs)
             Began as a Gnoll Wanderer on Sept 17, 2021.
             Slain by an adder (5 damage)
             ... on level 1 of the Dungeon.
             The game lasted 00:03:01 (1413 turns).

eagelman13509 the Slasher (Gnoll Wanderer)          Turns: 1413, Time: 00:03:02

Health: -2/20      AC:  2    Str: 11    XL:     2   Next: 58%
Magic:  2/2        EV: 11    Int: 11    God:
Gold:   51         SH:  0    Dex: 11    Spells: 1/1 levels left

rFire    . . .     SeeInvis .   a - +2 dagger
rCold    . . .     Faith    .   (no shield)
rNeg     . . .     Spirit   .   e - +0 robe
rPois    .         Reflect  .   (no helmet)
rElec    .         Harm     .   (no cloak)
rCorr    .         Rampage  .   (no gloves)
Will     .....                  (no boots)
Stlth    +++.......             (no amulet)
HPRegen  0.06/turn              (no ring)
MPRegen  0.08/turn              (no ring)

@: no status effects
A: fangs 1, strong nose, distributed training
a: no special abilities


You were on level 1 of the Dungeon.
You visited 1 branch of the dungeon, and saw 2 of its levels.

You collected 51 gold pieces.

Inventory:

Hand Weapons
 a - a +2 dagger (weapon)
 c - a +0 short sword
 d - a +0 falchion
Missiles
 h - 2 stones (quivered)
Armour
 e - a +0 robe (worn)
 i - a +0 buckler
Potions
 b - a potion of berserk rage
 f - a potion of curing {unknown}
 g - a potion of lignification {unknown}


   Skills:
 + Level 0.4 Fighting
 + Level 0.4 Short Blades
 + Level 6.5 Long Blades
 + Level 0.4 Axes
 + Level 0.4 Maces & Flails
 + Level 4.5 Polearms
 + Level 0.4 Staves
 + Level 0.4 Slings
 + Level 0.4 Bows
 + Level 0.4 Crossbows
 + Level 2.5 Throwing
 + Level 0.4 Armour
 + Level 0.4 Dodging
 + Level 5.9 Stealth
 + Level 0.4 Shields
 + Level 0.4 Unarmed Combat
 + Level 0.4 Spellcasting
 + Level 0.2 Conjurations
 + Level 0.2 Hexes
 + Level 0.2 Summonings
 + Level 0.2 Necromancy
 + Level 0.2 Translocations
 + Level 0.2 Transmutations
 + Level 0.2 Fire Magic
 + Level 0.2 Ice Magic
 + Level 0.2 Air Magic
 + Level 0.2 Earth Magic
 + Level 0.2 Poison Magic
 + Level 0.5 Invocations
 + Level 2.5 Evocations


You had one spell level left.
You didn't know any spells.
Your spell library contained the following spells:

 Spells                   Type           Power      Damage    Failure   Level
 Leda's Liquefaction      Hex/Erth       0%         N/A       97%         4
 Lee's Rapid Deconstruct  Erth           0%         3d5*      100%        5
 Death Channel            Necr           0%         N/A       100%        6


Dungeon Overview and Level Annotations

Branches:
Dungeon (2/15)

Altars:


Innate Abilities, Weirdness & Mutations

You have very sharp teeth.
Your uncanny sense of smell can sniff out nearby items.
Your experience applies equally to all skills.


Message History

You hit the adder.
The adder is moderately wounded.
The adder completely misses you.
You miss the adder.
The adder is moderately wounded.
The adder bites you. The dart slug launches a dart at you.
The slug dart misses you. The adder barely misses you.
You closely miss the adder. Your bite misses the adder.
The adder is moderately wounded.
The adder bites you.
You are poisoned.
The adder poisons you!
You miss the adder. Your bite misses the adder.
The adder is moderately wounded.
You feel sick. The adder closely misses you.
The dart slug launches a dart at you. The slug dart hits you.
You hit the adder.
The adder is heavily wounded.
You feel sick. The adder barely misses you.
The dart slug launches a dart at you. The slug dart hits you.
You feel sick. The adder closely misses you.
You feel sick.
You are no longer poisoned.
The ball python hisses angrily.
The kobold shouts!
The ball python hisses angrily.
There is a stone staircase leading up here.
The adder closely misses you.
You climb upwards.
There is a stone staircase leading down here.
The adder barely misses you. The adder bites you.
* * * LOW HITPOINT WARNING * * *
The adder bites you.
* * * LOW HITPOINT WARNING * * *
You closely miss the adder.
The adder is heavily wounded.
The adder bites you.
You die...

#.........#
########.........#
#......'.........'
#.######.........# #.#
#.'.........'
#.####+#.........#
#.##......#...####
#.##......#...#
#@##......#...#
#S####'####...# #.# #.#
#...# #.####.####...####
#>................
######.#.#########
#.#.#########
#############.#..........
#.............#.#.#######


You could see an adder.

Vanquished Creatures
  4 endoplasms
  2 kobolds (D:1)
  2 quokkas (D:1)
  3 ball pythons (D:1)
  3 bats (D:1)
14 creatures vanquished.

Notes
Turn   | Place    | Note
-------+----------+-------------------------------------------
     0 | D:1      | eagelman13509 the Gnoll Wanderer began the quest for the
                  | Orb.
     0 | D:1      | eagelman13509 set off with the following items: a +2
                  | dagger, a potion of berserk rage, a +0 short sword, a +0
                  | falchion, a +0 robe
     0 | D:1      | Reached XP level 1. HP: 13/13 MP: 1/1
   559 | D:1      | Reached XP level 2. HP: 19/19 MP: 2/2
   908 | D:1      | Got the Reference Book on Necromancy and Earth
  1413 | D:1      | Slain by an adder

Illustrated notes

Levels and vault maps discovered:
D:1:      dpeg_arrival_chambers_temple_mockup, layout_basic
D:2:      layout_loops_ring

Action                   || total
-------------------------++-------
Melee: Dagger            ||    42
       Bite              ||     1
 Stab: Sleeping          ||     5
Armor: Robe              ||     5
Dodge: Dodged            ||    23
